 Dungeon Crawl Stone Soup version 0.19.1 (webtiles) character file.

14 Apogee the Sneak (level 2, -3/13 HPs)
             Began as a Spriggan Enchanter on Dec 10, 2016.
             Slain by an ooze (5 damage)
             ... on level 1 of the Dungeon.
             The game lasted 00:02:35 (600 turns).

Apogee the Sneak (Spriggan Enchanter)                Turns: 600, Time: 00:02:36

Health: -3/13      AC:  3    Str:  4    XL:     2   Next: 27%
Magic:  7/7        EV: 18    Int: 16    God:
Gold:   12         SH:  0    Dex: 16    Spells: 1 memorised, 6 levels left

rFire  . . .     SeeInvis +     a - +1 dagger
rCold  . . .     Gourm    .     b - +1 robe
rNeg   . . .     Faith    .     (shield restricted)
rPois  .         Spirit   .     (helmet restricted)
rElec  .         Reflect  .     (no cloak)
rCorr  .         Harm     .     (gloves unavailable)
MR     .....                    (boots unavailable)
Stlth  +++.......               (no amulet)
                                (no ring)
                                (no ring)

@: very quick
A: unfitting armour, see invisible, herbivore 3, speed 3, slow metabolism 2
a: no special abilities


You were on level 1 of the Dungeon.
You were not hungry.

You visited 1 branch of the dungeon, and saw 1 of its levels.

You collected 12 gold pieces.


Innate Abilities, Weirdness & Mutations

You are very small and have problems with some larger weapons.
You are too small for most types of armour.
You have supernaturally acute eyesight. (SInv)
You are a herbivore.
You cover ground extremely quickly.
You need consume almost no food.


   Skills:
 + Level 1.3 Short Blades
 - Level 3.0 Dodging
 + Level 5.1 Stealth
 + Level 3.1 Spellcasting
 - Level 3.6 Hexes


You had 6 spell levels left.
You knew the following spells:

 Your Spells              Type           Power        Failure   Level  Hunger
Z - Corona                Hex            ##.....      6%          1    #......

Inventory:

Hand Weapons
 a - a +1 dagger (weapon)
Armour
 b - a +1 robe (worn)
Jewellery
 e - a +2 ring of strength {unknown}
Scrolls
 f - a scroll of random uselessness {unknown}
 h - 2 scrolls of identify {unknown}
Potions
 g - a potion of agility {unknown}
Books
 c - a book of Maledictions

   Spells                             Type                      Level
   a - Corona                         Hexes                        1
   b - Ensorcelled Hibernation        Hexes/Ice                    2
   c - Confuse                        Hexes                        3
   d - Tukima's Dance                 Hexes                        3
   e - Dazzling Spray                 Conjuration/Hexes            3
Comestibles
 d - a bread ration

Dungeon Overview and Level Annotations

Branches:
Dungeon (1/15)

Altars:

≈≈≈≈≈♣⌠♣≈.▒▒▒ ▒▒.▒▒.....(.....
......♣≈..▒ ▒▒▒..▒..▒.........
..<...≈...▒ ▒...▒▒.▒▒.▒...>...
.......≈.▒▒ ▒[▒▒▒.. ▒.▒.......
≈≈≈≈≈.⌠.≈▒▒▒▒▒▒▒.▒▒▒.▒▒▒.........
..▒▒▒≈.≈...........▒.▒...........
.▒▒ ▒▒≈......▒▒▒.▒.....▒.▒.......
.▒ ▒▒▒................▒▒▒▒▒..▒▒..
...........▒....i.▒...▒▒▒....▒▒▒▒
▒▒......▒▒.▒.▒▒▒▒J..▒.......▒▒
.... ▒▒...▒ ▒..▒▒▒▒▒▒▒▒.▒▒ ▒..
▒▒..▒▒▒▒▒▒...▒ ▒..▒
▒▒..........▒.▒ ▒▒.▒▒
▒..†..J▒▒▒▒▒▒..▒ ▒..▒ ▒.....▒▒▒
▒.▒▒ ▒▒.▒ ▒▒▒▒▒......▒
▒..▒▒▒▒▒▒▒.▒
▒▒..▒▒▒(.J..▒▒▒▒▒▒▒..▒......▒


You could see an ooze.


Message History

The ooze is moderately wounded.
The ooze barely misses you.
You hit the ooze.
The ooze is heavily wounded.
The ooze closely misses you.
You hit the ooze.
The ooze is severely wounded.
The ooze jiggles.
The ooze closely misses you.
You hit the ooze but do no damage.
The ooze is severely wounded.
The ooze hits you.
* * * LOW HITPOINT WARNING * * *
You hit the ooze.
The ooze is severely wounded.
The ooze barely misses you.
You hit the ooze.
The ooze is severely wounded.
The ooze hits you.
* * * LOW HITPOINT WARNING * * *
Things that are here:
a club a club You start resting.
The ooze jiggles.
The ooze barely misses you.
You hit the ooze.
The ooze is almost dead.
The ooze hits you.
You die...

Action                   || total
-------------------------++-------
Melee: Dagger            ||    72
 Stab: Sleeping          ||     1
Armor: Robe              ||     3
Dodge: Dodged            ||    57

Vault maps used:
D:1:      ldierk_water_garden, st_stairs_5, nrook_loot_triangle,
          minmay_tree_intersection, minivault_19, minmay_misc_feat_ornament,
          minmay_domino_2

Notes
Turn   | Place    | Note
-------+----------+-------------------------------------------
     0 | D:1      | Apogee the Spriggan Enchanter began the quest for the Orb.
     0 | D:1      | Reached XP level 1. HP: 9/9 MP: 5/5
   433 | D:1      | Reached skill level 3 in Spellcasting
   438 | D:1      | Reached XP level 2. HP: 13/13 MP: 7/7
   511 | D:1      | Reached skill level 5 in Stealth
   575 | D:1      | HP: 1/13 [ooze (3)]
   600 | D:1      | Slain by an ooze

Vanquished Creatures
  A ball python (D:1)
  3 goblins (D:1)
  2 hobgoblins (D:1)
  2 kobolds (D:1)
  2 bats (D:1)
  A frilled lizard (D:1)
  A rat (D:1)
12 creatures vanquished.

Vanquished Creatures (others)
  4 toadstools (D:1)
4 creatures vanquished.

Grand Total: 16 creatures vanquished
